 Dungeon Crawl Stone Soup version 0.29-a0-321-gf1c400731a (webtiles) character file.

Game seed: 5225120327443390577

47 GigaChad the Shield-Bearer (level 3, -5/33 HPs)
             Began as a Minotaur Fighter on Apr 4, 2022.
             Was an Initiate of Ru.
             Slain by an orc wizard
             ... wielding a +1 dagger of electrocution
              (19 damage)
             ... on level 3 of the Dungeon.
             The game lasted 00:05:01 (1754 turns).

GigaChad the Shield-Bearer (Minotaur Fighter)       Turns: 1754, Time: 00:05:01

Health: -5/33      AC:  7    Str: 20    XL:     3   Next: 48%
Magic:  2/2        EV: 13    Int:  5    God:    Ru [......]
Gold:   93         SH:  4    Dex: 11    Spells: 2/2 levels left

rFire   . . .      SeeInvis .   a - +0 war axe
rCold   . . .      Faith    .   c - +0 buckler
rNeg    . . .      Spirit   .   b - +0 scale mail
rPois   .          Reflect  .   (helmet restricted)
rElec   .          Harm     .   f - scarf {+Inv}
rCorr   .          Rampage  .   (no gloves)
Will    .....                   (no boots)
Stlth   ..........              r - amulet of regeneration
HPRegen 0.91/turn               i - +4 ring of evasion
MPRegen 0.08/turn               (no ring)

@: no status effects
A: horns 2, retaliatory headbutt
a: Renounce Religion, Evoke Invisibility, Sacrifice Drink, Sacrifice an Eye,
Sacrifice Courage, Reject Sacrifices


You were on level 3 of the Dungeon.
You worshipped Ru.
Ru was noncommittal.
You visited 1 branch of the dungeon, and saw 3 of its levels.

You collected 93 gold pieces.

Inventory:

Hand Weapons
 a - a +0 war axe (weapon)
 e - a +0 rapier
 k - a +2 hunting sling of freezing
 t - a +2 mace of holy wrath
Armour
 b - a +0 scale mail (worn)
 c - a +0 buckler (worn)
 f - a scarf of invisibility (worn)
Magical Staves
 m - a staff of death
Jewellery
 i - a +4 ring of evasion (left hand)
 r - an amulet of regeneration (around neck)
Scrolls
 j - 2 scrolls of silence {unknown}
 o - a scroll of identify
 s - a scroll of amnesia {unknown}
Potions
 d - a potion of might
 g - a potion of curing {unknown}
 h - 2 potions of cancellation {unknown}
 l - a potion of mutation {unknown}
 n - a potion of ambrosia {unknown}
 p - a potion of haste {unknown}
 q - 3 potions of heal wounds {unknown}


   Skills:
 + Level 4.0 Fighting
 + Level 3.1 Axes
 + Level 4.2 Armour
 + Level 4.2 Shields


You had 2 spell levels left.
You didn't know any spells.
Your spell library contained the following spells:

 Spells                   Type           Power      Damage    Failure   Level
 Chain Lightning          Conj/Air       0%         N/A       100%        9
 Fire Storm               Conj/Fire      0%         5d1       100%        9
 Shatter                  Erth           0%         3d5*      100%        9


Dungeon Overview and Level Annotations

Branches:
Dungeon (3/15)

Altars:
Ru

Annotations:
D:3 Terence


Innate Abilities, Weirdness & Mutations

You have a pair of horns on your head.
You reflexively headbutt those who attack you in melee.


Message History

The hobgoblin hits you but does no damage.
There are monsters nearby!
There are monsters nearby!
The orc attacks as you move away! You block the orc's attack.
The hobgoblin attacks as you move away! The hobgoblin misses you.
The orc wizard casts a spell.
The orc wizard flickers and vanishes!
Deactivating autopickup; reactivate with Ctrl-A.
There are monsters nearby!
The hobgoblin attacks as you move away! You block the hobgoblin's attack.
There are monsters nearby!
There are monsters nearby!
There are monsters nearby!
The orc priest shouts!
You hit the hobgoblin.
The hobgoblin is severely wounded.
The hobgoblin hits you but does no damage.
You hit the hobgoblin.
You kill the hobgoblin!
The orc hits you with a +0 morningstar!
There are monsters nearby!
There are monsters nearby!
You slash the orc!
You kill the orc!
Terence the Incautious comes into view.
He is wielding a +0 flail and wearing a +2 ring mail of poison resistance.
There are monsters nearby!
You closely miss the orc.
Terence shouts!
The orc closely misses you.
The orc priest mumbles some strange prayers to Beogh against you.
Beogh smites you!
There are monsters nearby!
You barely miss something. Something hits you.
There are monsters nearby!
You hit something. Something hits you.
There are monsters nearby!
You closely miss something. Something hits you but does no damage.
You are electrocuted!!
Ouch! That really hurt!
You die...

##### ....# ##
.....# #. .....#
#. #.... # .#####.
... ..#
.......####.#..###
#.@)oo.......
#.###.....### #.
........[ #.
.#.....###
#...##...## ...
..## ### ... ....


You could see 2 orcs.

Vanquished Creatures
  An adder (D:2)
  A worm (D:2)
  A dart slug (D:1)
  An orc (D:3)
  4 ball pythons
  An endoplasm (D:3)
  A giant cockroach (D:2)
  3 goblins
  3 hobgoblins
  A quokka (D:2)
  5 bats
  2 frilled lizards
  4 kobolds
  5 rats
33 creatures vanquished.

Notes
Turn   | Place    | Note
-------+----------+-------------------------------------------
     0 | D:1      | GigaChad the Minotaur Fighter began the quest for the Orb.
     0 | D:1      | Reached XP level 1. HP: 19/19 MP: 0/0
   215 | D:1      | Reached XP level 2. HP: 27/27 MP: 1/1
  1076 | D:2      | Reached XP level 3. HP: 32/33 MP: 2/2
  1296 | D:2      | Found a faded altar of an unknown god.
  1301 | D:2      | Prayed at the altar of an unknown god.
  1301 | D:2      | Became a worshipper of Ru the Awakened
  1750 | D:3      | Noticed Terence
  1754 | D:3      | Slain by an orc wizard

Illustrated notes

Levels and vault maps discovered:
D:1:      dpeg_arrival_windows_large_door, layout_rooms,
          minmay_misc_feat_nine_boxes, chequers_serial_rivers_micro_e,
          ebering_dispersal_statue_hall
D:2:      layout_loops_ring, nicolae_ecumenical_lake_church,
          hangedman_feature_mirror, minmay_door_square, minmay_misc_feat_tower,
          minmay_pentomino_x4
D:3:      layout_loops_ring, mainiacjoe_overflow_six_doors_small, serial_shops,
          nicolae_shop_bloodbath_and_beyond, chequers_serial_rivers_small_3,
          uniq_terence

Skill      XL: |  1  2  3 |
---------------+----------+-----
Shields        | 4 |  4.2
Fighting       | 4 |  4.0
Armour         | 4 |  4.2
Axes           | 3 |  3.1

Action                   || total
-------------------------++-------
Melee: War axe           ||    52
       Headbutt          ||     4
  Use: Scroll            ||     1
Armor: Scale mail        ||    39
Dodge: Dodged            ||    49
Block: Buckler           ||    20

Table legend: (Time is in decaauts)
 A = Elapsed time spent in this place.
 B = Non-inter-level travel time spent in this place.
 C = Inter-level travel time spent in this place.
 D = Time resting spent in this place.
 E = Time spent auto-exploring this place.
 F = Levels seen in this place.
 G = Mean time per level.
                   A        B        C        D        E       F      G
               +--------+--------+--------+--------+--------+-----+--------+
         Total |   1774 |   1752 |     22 |      0 |    916 |   3 |  591.3 |
       Dungeon |   1774 |   1752 |     22 |      0 |    916 |   3 |  591.3 |
               +--------+--------+--------+--------+--------+-----+--------+

Top non-repeatable levels by time:
     D:2: 1016 daAuts
     D:1: 742 daAuts
     D:3: 16 daAuts
